Map: Frost LE

Players

Klink

  • Race: Zerg Zerg
  • League: Silver
  • Spawn Location: 5:00

Fropez - Winner!

  • Race: Protoss Protoss
  • League: Gold
  • Spawn Location: 7:00

VOD

Have the link to the VOD?

Description

Time

  • Played on: Sept. 22, 2016, 7:44 p.m.
  • Length: 21:28
Show
View Real Time Build Order
Export as new Build Order

Klink Zerg 

Build Orders: Hatch First 

Get SALT Encoding   

  12  0:02  Drone  
  13  0:39  Hatchery  
  12  0:43  Drone  
  12  0:44  Drone  
  14  1:01  Spawning Pool  
  13  1:07  Drone  
  14  1:29  Overlord  
  14  1:49  Drone x3, Hatchery  
  16  1:59  Queen  
  18  2:18  Queen  
  20  2:27  Drone  
  20  2:28  Drone x4  
  25  2:34  Drone  
  26  2:46  Drone x2  
  28  2:56  Overlord  
  28  2:57  Overlord  
  28  3:04  Queen  
  30  3:05  Drone  
  30  3:06  Drone x2  
  33  3:16  Zergling x2, Spore Crawler  
  33  3:17  Zergling x6  
  33  3:19  Zergling x2  
  37  3:25  Extractor  
  37  3:26  Extractor  
  35  3:30  Drone  
  35  3:31  Drone x3  
  38  3:57  Zergling x20  
  38  4:02  Queen  
  43  4:21  Queen  
  43  4:22  Queen  
  47  4:34  Drone  
  47  4:35  Baneling Nest  
  46  4:55  Drone  
  46  4:56  Drone x3  
  38  5:31  Roach Warren  
  37  5:36  Spine Crawler  
  37  5:38  Spine Crawler  
  35  5:43  Spine Crawler x2  
  35  5:44  Spine Crawler, Drone  
  35  5:45  Drone x5  
  35  5:47  Spine Crawler  
  37  5:55  Drone x3  
  41  6:04  Drone x3  
  42  6:21  Spore Crawler  
  36  6:31  Drone x5  
  36  6:32  Drone x4  
  42  6:43  Drone  
  42  6:44  Drone x4  
  42  6:57  Spine Crawler  
  41  7:02  Spore Crawler  
  41  7:03  Drone x3  
  41  7:04  Drone  
  44  7:25  Roach x3  
  44  7:29  Overlord x2  
  50  7:30  Overlord  
  50  7:46  Spine Crawler  
  50  7:47  Lair  
  50  7:50  Zergling x2  
  50  7:51  Zergling x16  
  58  7:55  Drone  
  58  7:56  Drone  
  58  7:57  Drone  
  61  7:59  Drone  
  62  8:08  Extractor x2, Drone x3  
  62  8:09  Drone  
  62  8:10  Drone  
  60  8:32  Zergling x2  
  60  8:33  Zergling x18  
  70  8:36  Baneling x4  
  70  8:37  Baneling x5  
  70  8:45  Centrifical Hooks  
  70  8:54  Evolution Chamber  
  70  8:55  Evolution Chamber, Drone  
  69  8:56  Drone x4  
  69  8:57  Evolution Chamber  
  72  9:05  Overseer  
  72  9:06  Spire  
  71  9:10  Pneumatized Carapace  
  71  9:11  Overlord  
  71  9:13  Drone  
  71  9:14  Drone  
  73  9:19  Extractor  
  73  9:20  Extractor  
  71  9:27  Drone  
  71  9:28  Drone  
  71  9:30  Overlord x3  
  73  9:44  Hatchery  
  60  10:15  Drone  
  60  10:16  Drone x20  
  60  10:21  Zerg Flyer Weapons Level 1  
  81  10:26  Zerg Melee Weapons Level 1  
  81  10:29  Zerg Missile Weapons Level 1  
  81  10:34  Zerg Ground Armor Level 1  
  81  10:49  Drone x3  
  84  11:04  Queen  
  86  11:16  Glial Reconstitution  
  86  11:18  Roach  
  86  11:19  Mutalisk, Roach x4  
  86  11:20  Mutalisk x2  
  102  11:49  Spire  
  101  11:57  Spore Crawler  
  101  12:00  Spore Crawler  
  99  12:06  Drone  
  99  12:07  Drone x12  
  112  12:09  Overlord x6  
  112  12:10  Overlord x4  
  112  12:35  Tunneling Claws  
  112  12:37  Spore Crawler  
  111  12:38  Drone  
  111  12:39  Drone x20  
  111  12:40  Spore Crawler  
  131  12:47  Baneling x9  
  131  12:48  Baneling x10  
  131  12:49  Mutalisk x2  
  135  12:53  Zergling x2  
  135  12:54  Zergling x12  
  135  12:55  Zergling x2  
  143  13:19  Zerg Flyer Weapons Level 2  
  143  13:21  Zerg Flyer Armor Level 1  
  143  13:23  Zergling x10  
  143  13:24  Zergling x32  
  117  14:01  Roach x4  
  117  14:02  Roach x15  
  135  14:21  Mutalisk x4  
  135  14:24  Zergling x14  
  138  14:28  Drone  
  138  14:29  Drone x2  
  147  14:49  Baneling  
  147  14:50  Baneling x15  
  147  14:51  Baneling x2  
  133  15:29  Mutalisk  
  133  15:30  Mutalisk x4  
  133  15:31  Zergling x2  
  133  15:32  Zergling x30  
  133  15:33  Zergling x6  
  115  16:02  Zerg Melee Weapons Level 2, Zerg Missile Weapons Level 2  
  113  16:10  Zerg Ground Armor Level 2  
  113  17:09  Mutalisk  
  113  17:10  Mutalisk x4  
  123  17:15  Baneling  
  123  17:16  Baneling x3  
  123  17:39  Hatchery  
  122  17:54  Hatchery  
  121  18:16  Hatchery  
  120  18:33  Overseer  
  120  18:35  Baneling x10  
  120  18:36  Baneling  
  41  19:39  Roach  
  41  19:40  Roach x4  
  41  19:41  Zergling x2  
  52  19:49  Drone  
  46  20:21  Roach x4  
  46  20:23  Zergling x2  
  46  20:24  Zergling x2  
Show
View Real Time Build Order
Export as new Build Order

Fropez Protoss - Winner!

Build Orders: Mass Adepts 

Get SALT Encoding   

  12  0:01  Probe (Chrono Boost)  
  13  0:11  Probe (Chrono Boost)  
  14  0:17  Pylon  
  14  0:22  Probe (Chrono Boost)  
  16  0:36  Probe (Chrono Boost)  
  16  0:39  Gateway  
  16  0:46  Probe (Chrono Boost)  
  16  0:48  Assimilator  
  17  0:57  Probe (Chrono Boost)  
  18  1:07  Probe (Chrono Boost)  
  18  1:10  Pylon  
  19  1:18  Probe (Chrono Boost)  
  20  1:29  Cybernetics Core  
  20  1:36  Probe (Chrono Boost)  
  21  1:46  Assimilator  
  21  1:47  Probe (Chrono Boost)  
  22  1:51  Gateway  
  22  1:58  Gateway  
  22  2:01  Probe (Chrono Boost)  
  23  2:06  Warp Gate (Chrono Boost)  
  23  2:11  Adept  
  23  2:14  Probe  
  26  2:34  Probe  
  27  2:39  Adept  
  27  2:42  Adept  
  31  2:52  Twilight Council  
  31  2:54  Pylon  
  31  3:00  Pylon  
  31  3:12  Adept x2  
  35  3:20  Robotics Facility  
  35  3:26  Probe  
  35  3:46  Resonating Glaives (Chrono Boost)  
  33  4:15  Warp Prism  
  33  4:21  Nexus  
  27  4:24  Pylon  
  27  4:25  Adept x2  
  27  4:28  Adept  
  33  4:31  Probe  
  34  4:50  Adept x3  
  40  5:15  Adept x3  
  40  5:32  Probe  
  40  5:33  Probe, Gateway  
  42  5:36  Gateway  
  42  6:05  Adept x3  
  46  6:30  Assimilator  
  46  6:33  Assimilator  
  46  6:39  Pylon  
  44  6:42  Forge  
  42  6:49  Probe  
  44  6:54  Probe  
  44  6:56  Forge  
  44  6:58  Nexus  
  44  7:00  Pylon  
  42  7:02  Pylon  
  42  7:06  Probe  
  42  7:08  Probe  
  44  7:16  Templar Archives  
  44  7:20  Protoss Ground Weapons Level 1 (Chrono Boost)  
  44  7:33  Adept x4  
  52  7:40  Probe  
  52  7:43  Probe  
  54  7:45  Protoss Ground Armor Level 1 (Chrono Boost)  
  54  7:53  Probe  
  54  7:55  Probe  
  56  8:01  Adept x3  
  56  8:03  Adept  
  60  8:27  Adept x2  
  60  8:28  Adept x3  
  70  8:35  Probe x3  
  73  8:44  Mothership Core  
  73  8:46  Gateway  
  75  8:50  Gateway  
  75  9:01  Adept x4, Protoss Ground Weapons Level 2 (Chrono Boost)  
  83  9:02  Adept  
  85  9:12  Psionic Storm  
  85  9:15  Charge (Chrono Boost)  
  85  9:37  Assimilator  
  85  9:39  Assimilator  
  85  9:55  Protoss Ground Armor Level 2  
  77  10:20  High Templar x4  
  85  10:29  Probe  
  86  10:38  High Templar  
  86  10:39  High Templar  
  90  10:55  Pylon  
  90  10:57  Pylon  
  90  11:04  Pylon  
  90  11:07  Pylon  
  90  11:11  Gateway  
  90  11:13  Gateway  
  90  11:14  Probe x3  
  90  11:16  Pylon, Gateway  
  93  11:26  Gateway  
  93  11:27  Observer, Pylon  
  93  11:29  Protoss Ground Weapons Level 3  
  95  11:32  Probe  
  95  11:33  Probe  
  95  11:37  Probe  
  95  11:39  Gateway  
  97  11:41  Pylon  
  97  11:44  Probe  
  98  11:58  Nexus  
  98  12:10  Assimilator  
  98  12:14  Assimilator  
  98  12:17  High Templar x2  
  98  12:18  High Templar x3  
  98  12:19  High Templar  
  98  12:22  High Templar, Protoss Ground Armor Level 3  
  111  12:40  Observer  
  112  12:47  Probe x2  
  112  12:49  Probe  
  115  12:59  Probe  
  115  13:00  High Templar x4, Probe  
  115  13:01  Probe  
  126  13:28  Archon x3  
  126  13:29  Archon x5  
  96  13:36  Zealot x7  
  96  13:37  Zealot x3  
  96  13:38  Zealot  
  81  13:58  Zealot x4  
  81  13:59  Zealot x2  
  75  14:05  Probe  
  75  14:06  Probe x2  
  75  14:07  Probe  
  67  14:25  High Templar x4  
  67  14:26  High Templar x4  
  67  14:29  Archon x2  
  67  14:30  Archon  
  67  14:31  Archon  
  83  14:47  Pylon  
  83  14:49  Protoss Shields Level 1  
  83  14:50  Pylon  
  83  14:53  Zealot x2  
  83  14:54  Zealot x2  
  83  14:55  Pylon  
  90  15:15  High Templar x3  
  90  15:16  High Templar  
  97  15:26  High Templar  
  97  15:28  Zealot x5  
  93  15:51  Zealot  
  93  15:52  Zealot x7  
  95  16:27  Pylon  
  95  16:31  Pylon  
  95  16:41  Nexus  
  95  16:54  High Templar x4  
  95  16:55  High Templar x3  
  109  17:02  Stalker  
  111  17:18  Nexus  
  111  17:32  Stalker x4  
  111  17:33  Stalker x3  
  125  17:47  Stalker  
  125  17:48  Stalker x2  
  129  18:00  Probe  
  129  18:03  Pylon  
  130  18:05  Pylon  
  130  18:07  Stalker x4  
  138  18:24  Stalker  
  138  18:25  Stalker x3  
  146  18:30  Probe x2  
  146  18:31  Probe x2  
  150  18:36  Assimilator  
  150  18:41  Assimilator  
  150  18:49  Assimilator  
  150  18:50  Assimilator  
  150  18:52  Stalker x4  
  150  18:53  Stalker  
  117  19:50  Stalker x5  
  117  19:51  Pylon, Stalker x5  
  137  20:03  Probe  
  137  20:04  Probe x2  
  137  20:05  Probe  
  141  20:11  Probe  
  141  20:12  Gateway  
  141  20:13  Gateway  
  141  20:14  Probe  
  142  20:18  Gateway  
  141  20:30  Zealot x7  
  141  20:31  Zealot  
  157  20:41  Archon  
  157  20:42  Archon x2  
  157  20:43  Archon  
  157  20:54  Zealot x4  
  157  20:55  Zealot x6  
Tags
 
Composition
Mass Adepts
Matchup
PvZ
Replay Pack
All Mines
Spawn Locations
Close Positions
Add a new tag
Caveats
  • Supply blocks, unpowered buildings, or Contaminate may cause inaccurate times.
  • Supply counts are checked every 10 seconds.